Map: Sacrificio tropicale

Players

IknownothinG - Winner!

  • Race: Protoss Protoss
  • League: Diamond
  • Spawn Location: 7:00

GrandMister

  • Race: Zerg Zerg
  • League: Diamond
  • Spawn Location: 1:00

VOD

Have the link to the VOD?

Description

Time

  • Played on: Aug. 29, 2022, 1:01 p.m.
  • Length: 11:53
Show
View Real Time Build Order
Export as new Build Order

IknownothinG Protoss - Winner!

Build Orders: Carriers 

Get SALT Encoding   

  12  0:01  Probe (Chrono Boost)  
  13  0:11  Probe (Chrono Boost)  
  14  0:18  Pylon  
  14  0:23  Probe  
  15  0:37  Forge  
  15  0:43  Probe  
  16  1:01  Pylon  
  16  1:05  Probe (Chrono Boost)  
  17  1:14  Probe (Chrono Boost)  
  18  1:19  Photon Cannon  
  18  1:21  Photon Cannon  
  18  1:28  Pylon  
  18  1:47  Gateway  
  18  2:09  Assimilator  
  18  2:12  Nexus  
  18  2:14  Assimilator  
  18  2:17  Probe (Chrono Boost)  
  19  2:27  Probe (Chrono Boost)  
  20  2:34  Pylon  
  20  2:40  Probe  
  21  2:51  Cybernetics Core  
  21  2:52  Probe  
  22  3:04  Probe  
  23  3:10  Photon Cannon  
  23  3:16  Probe  
  24  3:29  Probe  
  25  3:34  Probe  
  27  3:41  Probe  
  27  3:45  Photon Cannon  
  27  3:46  Probe  
  28  3:48  Shield Battery  
  28  3:53  Probe  
  29  3:59  Probe  
  30  4:05  Cybernetics Core  
  30  4:11  Probe  
  31  4:20  Stargate  
  31  4:22  Assimilator  
  31  4:25  Probe (Chrono Boost)  
  31  4:31  Stargate  
  32  4:33  Pylon  
  32  4:35  Probe (Chrono Boost)  
  35  4:45  Probe x2 (Chrono Boost)  
  35  4:50  Probe (Chrono Boost)  
  37  4:55  Probe (Chrono Boost)  
  37  5:02  Probe (Chrono Boost)  
  42  5:08  Probe (Chrono Boost)  
  42  5:10  Void Ray  
  43  5:16  Probe, Fleet Beacon  
  43  5:20  Pylon  
  44  5:22  Assimilator  
  44  5:24  Probe  
  45  5:36  Probe  
  46  5:48  Probe  
  47  5:59  Carrier (Chrono Boost)  
  47  6:01  Protoss Air Armor Level 1  
  59  6:37  Shield Battery  
  59  6:39  Carrier (Chrono Boost)  
  59  6:41  Pylon  
  61  7:22  Carrier  
  61  7:34  Probe  
  62  7:49  Nexus  
  62  7:53  Pylon  
  62  7:55  Pylon  
  62  8:01  Pylon  
  62  8:03  Pylon  
  62  8:05  Assimilator  
  62  8:09  Carrier  
  62  8:10  Assimilator  
  62  8:11  Probe  
  69  8:13  Protoss Air Weapons Level 1  
  69  8:21  Pylon  
  69  8:23  Pylon, Probe  
  69  8:27  Carrier  
  76  8:35  Probe  
  77  8:42  Probe  
  77  8:47  Probe  
  79  8:49  Shield Battery  
  79  8:51  Photon Cannon  
  79  8:54  Probe  
  80  8:55  Photon Cannon  
  80  8:59  Mothership (Chrono Boost), Photon Cannon  
  80  9:05  Tempest  
  93  9:22  Probe (Chrono Boost)  
  94  9:30  Tempest  
  99  9:35  Probe (Chrono Boost)  
  99  9:37  Stargate  
  100  9:39  Photon Cannon  
  100  9:43  Probe  
  101  9:48  Carrier  
  107  10:03  Photon Cannon  
  107  10:05  Pylon  
  107  10:18  Stargate  
  115  10:30  Void Ray x2  
  119  10:58  Void Ray  
  123  11:13  Void Ray  
Show
View Real Time Build Order
Export as new Build Order

GrandMister Zerg 

Build Orders: Pool First, Roach Nydus 

Get SALT Encoding   

  12  0:01  Drone  
  13  0:15  Overlord  
  13  0:19  Drone  
  14  0:36  Spawning Pool  
  14  0:39  Drone  
  14  0:42  Drone  
  15  0:49  Drone  
  16  1:12  Hatchery  
  16  1:25  Drone, Extractor  
  16  1:27  Spine Crawler  
  16  1:30  Drone  
  16  1:32  Queen  
  18  1:34  Zergling x2  
  18  1:37  Overlord  
  19  1:49  Extractor  
  19  1:52  Zergling x2  
  19  2:02  Drone  
  19  2:22  Roach Warren  
  18  2:28  Drone x2  
  20  2:47  Queen  
  20  2:49  Overlord  
  22  3:05  Roach x3  
  28  3:07  Roach  
  30  3:29  Ravager  
  30  3:30  Ravager  
  32  3:38  Ravager  
  32  3:39  Ravager  
  32  3:40  Overlord  
  34  4:04  Lair  
  34  4:11  Roach x2, Overlord  
  38  4:40  Drone x3  
  38  4:45  Hatchery  
  40  4:52  Spore Crawler  
  40  4:54  Drone  
  40  5:22  Queen  
  40  5:23  Nydus Network  
  41  5:29  Drone x2  
  41  5:30  Drone  
  44  6:05  Nydus Canal  
  44  6:06  Queen  
  44  6:07  Queen  
  48  6:12  Spore Crawler  
  47  6:33  Drone  
  47  6:34  Drone x4  
  47  7:09  Spire  
  47  7:11  Queen x2  
  42  7:28  Hatchery  
  39  7:48  Drone x5, Extractor  
  39  7:49  Drone, Extractor  
  43  7:56  Overlord x2  
  43  8:05  Drone  
  44  8:11  Overlord  
  44  8:13  Queen  
  44  8:14  Drone x3  
  49  8:23  Drone x3  
  49  8:24  Drone  
  53  8:33  Drone  
  54  8:37  Queen  
  56  8:41  Drone  
  57  8:49  Drone x3  
  57  8:54  Spore Crawler  
  59  9:00  Drone  
  59  9:01  Queen  
  59  9:02  Overlord x2  
  62  9:07  Drone x2  
  64  9:10  Overlord  
  64  9:35  Corruptor x2  
  68  9:43  Hatchery  
  67  9:54  Corruptor x3  
  67  9:57  Corruptor  
  75  10:06  Corruptor  
  75  10:09  Corruptor  
  79  10:21  Corruptor x2  
  79  10:24  Overlord  
  83  10:33  Roach x3  
  89  10:44  Corruptor x2  
  89  10:47  Corruptor  
  91  11:10  Corruptor  
  91  11:11  Corruptor x3  
Tags
 
Add a new tag
Caveats
  • Supply blocks, unpowered buildings, or Contaminate may cause inaccurate times.
  • Supply counts are checked every 10 seconds.